 Dungeon Crawl Stone Soup version 0.24.0-13-gcf9b319 (webtiles) character file.

Game seed: 13853016639065946182, levelgen mode: deterministic

49 shmeve the Skirmisher (level 3, 0/34 HPs)
             Began as a Minotaur Berserker on Apr 9, 2020.
             Was a Believer of Trog.
             Slain by a gnoll (9 damage)
             ... on level 3 of the Dungeon.
             The game lasted 00:01:54 (1682 turns).

shmeve the Skirmisher (Minotaur Berserker)          Turns: 1682, Time: 00:01:54

Health: 0/34       AC:  3    Str: 22    XL:     3   Next: 51%
Magic:  2/2        EV: 12    Int:  4    God:    Trog [**....]
Gold:   76         SH:  0    Dex:  9    Spells: 2/2 levels left

rFire    . . .     SeeInvis .   a - +0 hand axe
rCold    . . .     Gourm    .   (no shield)
rNeg     . . .     Faith    .   b - +0 animal skin
rPois    .         Spirit   .   (helmet restricted)
rElec    .         Reflect  .   (no cloak)
rCorr    .         Harm     .   (no gloves)
MR       .....                  l - +0 pair of boots
Stlth    +.........             (no amulet)
HPRegen  0.11/turn              (no ring)
MPRegen  0.08/turn              (no ring)

@: no status effects
A: retaliatory headbutt, horns 2
a: Berserk, Trog's Hand, Renounce Religion


You were on level 3 of the Dungeon.
You worshipped Trog.
Trog was pleased with you.
You were not hungry.

You visited 1 branch of the dungeon, and saw 3 of its levels.

You collected 76 gold pieces.

Inventory:

Hand Weapons
 a - a +0 hand axe (weapon)
Missiles
 n - 7 boomerangs (quivered)
 q - 8 javelins
Armour
 b - a +0 animal skin (worn)
 l - a +0 pair of boots (worn)
Jewellery
 k - an uncursed amulet of magic regeneration {unknown}
Scrolls
 e - 2 scrolls of magic mapping {unknown}
 f - 5 scrolls of identify {unknown}
 g - a scroll of remove curse {unknown}
 i - a scroll of noise {unknown}
 m - 2 scrolls of enchant armour {unknown}
 o - a scroll of fog {unknown}
 p - a scroll of blinking {unknown}
 r - a scroll of amnesia {unknown}
Potions
 d - a potion of lignification {unknown}
 h - 2 potions of brilliance {unknown}
 j - a potion of invisibility {unknown}
 s - a potion of magic {unknown}
Comestibles
 c - 4 rations


   Skills:
 * Level 4.3 Fighting
 * Level 4.3 Axes
 + Level 0.9 Throwing
 + Level 2.8 Armour
 + Level 2.4 Dodging


You had 2 spell levels left.
You didn't know any spells.
Your spell library was empty.

Dungeon Overview and Level Annotations

Branches:
Dungeon (3/15)

Altars:


Innate Abilities, Weirdness & Mutations

You reflexively headbutt those who attack you in melee.
You have a pair of horns on your head.


Message History

You struggle against the net.
You struggle against the net.
The gnoll barely misses you. You furiously retaliate!
You headbutt the gnoll.
You struggle against the net.
The gnoll hits you. The gnoll hits you but does no damage.
You struggle against the net.
The gnoll hits you with a +0 whip.
You rip the net and break free!
The gnoll hits you! The gnoll hits you with a +0 flail.
The gnoll hits you with a +0 whip.
You closely miss the gnoll. You headbutt the gnoll.
The gnoll is severely wounded.
You barely miss the gnoll. You hit the gnoll but do no damage.
The gnoll barely misses you. The gnoll misses you. You furiously retaliate!
You headbutt the gnoll! The gnoll hits you with a +0 whip.
* * * LOW HITPOINT WARNING * * *
You hit the gnoll. You headbutt the gnoll.
You kill the gnoll!
Trog accepts your kill.
You hit the gnoll but do no damage. You barely miss the gnoll.
The gnoll hits you!
You die...

##########
.........#
.........#
.........#
.........#
.......g)#
.......g@#
.......<.#
.........#
...........
.............
###..####......
.... ......
##.. ...... ...
.#####


You could see 2 gnolls.

Vanquished Creatures
  A gnoll (D:3)
  An adder (D:2)
  A dart slug (D:1)
  A ball python (D:2)
  A goblin (D:1)
  3 hobgoblins
  10 jackals (D:1)
  2 kobolds (D:2)
  3 bats (D:1)
  3 rats (D:1)
26 creatures vanquished.

Notes
Turn   | Place    | Note
-------+----------+-------------------------------------------
     0 | D:1      | shmeve the Minotaur Berserker began the quest for the Orb.
     0 | D:1      | Reached XP level 1. HP: 19/19 MP: 0/0
   350 | D:1      | Reached XP level 2. HP: 21/27 MP: 1/1
  1011 | D:2      | Reached ** piety under Trog
  1160 | D:2      | Reached XP level 3. HP: 27/33 MP: 2/2
  1682 | D:3      | Slain by a gnoll

Levels and vault maps discovered:
D:1:      tarquinn_simple_flora_water_a, layout_loops_ring, minivault_14,
          minmay_misc_feat_x
D:2:      layout_basic, serial_glass, glass_columns_c, glass_columns_b,
          glass_columns_b, glass_columns_b, glass_columns_c, glass_columns_a
D:3:      layout_rooms, elyvilon_altar_4, chequers_ecumenical_altar_twisty,
          xom_teletrap_fun, uniq_robin

Skill      XL: |  1  2 |
---------------+-------+-----
Fighting       | 4 |  4.3
Axes           | 4 |  4.3
Throwing       | |  0.9
Armour         | |  2.8
Dodging        | |  2.4

Action                   || total
-------------------------++-------
Melee: Hand axe          ||    48
       Headbutt          ||     8
Throw: Boomerang         ||     3
Invok: Berserk           ||     1
  Eat: Chunk             ||     3
Armor: Animal skin       ||    16
Dodge: Dodged            ||    29
